 Dungeon Sprint DCSS version 0.17.1-3-g152610e (webtiles) character file.

24256894 Groucho the Conqueror (level 27, 228/298 HPs)
             Began as a Naga Fighter on Apr 26, 2016.
             Was the Champion of Cheibriados.
             Escaped with the Orb
             ... and 9 runes!
             The game lasted 01:33:53 (21804 turns).

Groucho the Conqueror (Naga Fighter)               Turns: 21804, Time: 01:33:53

Health: 228/298    AC: 54    Str: 50    XL:     27
Magic:  48/48      EV: 26    Int: 26    God:    Cheibriados [******]
Gold:   411        SH: 37    Dex: 21    Spells: 5 memorised, 40 levels left

rFire  + . .     SeeInvis +     K - +9 broad axe
rCold  + + +     Clarity  .     V - +4 gold dragon armour
rNeg   + . .     SustAt   .     U - +5 large shield
rPois  +         Gourm    .     a - +0 helmet
rElec  +         Spirit   .     N - +1 cloak
rCorr  +         Warding  .     I - +2 pair of gloves
rMut   .         NoTele   +     L - +2 naga barding
MR     ++++.                    O - amulet of Vanity {rCorr MR+ Slay+5}
Stlth  ++........               y - +6 ring of strength
                                Q - ring of Jiugh {rElec rC++ rN+ Dex-5 Slay+3}

@: very slow, incredibly resistant to hostile enchantments, unstealthy
A: see invisible, deformed body, low mp 1, poison resistance, screaming 2,
slowness 2, slow metabolism 1, spit poison 2, no device heal 1, constrict 1, AC
+9
a: Spit Poison, Bend Time, Temporal Distortion, Slouch, Step From Time, Renounce
Religion
0: Orb of Zot
}: 9/15 runes: decaying, serpentine, barnacled, slimy, elven, silver, golden,
abyssal, gossamer


You escaped.
You worshipped Cheibriados.
Cheibriados was exalted by your worship.
You were not hungry.

You visited 1 branch You collected 1956 gold pieces.
You spent 1545 gold pieces at shops.

Inventory:

Hand Weapons
 g - the +10 whip "Ereibid" {drain, rPois Int+3, unknown}
   (You found it in the Dungeon)

   A truly terrible weapon, it drains the life of those it strikes.
   It affects your intelligence (+3).
   It protects you from poison.
 j - the +8 spear of Toink {venom, rN+ MR+, unknown}
   (You took it off a yaktaur in the Dungeon)

   It poisons the flesh of those it strikes.
   It protects you from negative energy.
   It affects your resistance to hostile enchantments.
 F - a +3 broad axe
 K - a +9 broad axe (weapon)
 W - a +2 eudemon blade of holy wrath
 Y - the +5 executioner's axe "Kaadak" {vamp, Str+3}
   (You found it in the Dungeon)

   It inflicts no extra harm, but heals its wielder somewhat when it strikes a
   living foe.
   It affects your strength (+3).
 Z - the +5 bardiche "Watuenie" {drain, Dex+8}
   (You found it in the Dungeon)

   A truly terrible weapon, it drains the life of those it strikes.
   It affects your dexterity (+8).
Missiles
 e - 13 javelins of penetration
 C - 22 javelins (quivered)
Armour
 a - a +0 helmet (worn)
 I - a +2 pair of gloves (worn)
 L - a +2 naga barding (worn)
 N - a +1 cloak (worn)
 U - a +5 large shield (worn)
 V - a +4 gold dragon armour (worn)
Jewellery
 q - a +6 ring of dexterity
 y - a +6 ring of strength (right hand)
 E - an uncursed amulet of regeneration
 J - an uncursed amulet of the gourmand {unknown}
 O - the amulet of Vanity (around neck) {rCorr MR+ Slay+5}
   (You took it off a necromancer in the Dungeon)

   [amulet of resist corrosion]

   It protects you from acid and corrosion.
   It affects your accuracy and damage with ranged weapons and melee attacks
   (+5).
   It affects your resistance to hostile enchantments.
 P - the amulet "Zuanuep" {Gourm Str+3 Slay+3}
   (You found it in the Dungeon)

   [amulet of the gourmand]

   It allows you to eat raw meat even when not hungry.
   It affects your strength (+3).
   It affects your accuracy and damage with ranged weapons and melee attacks
   (+3).
 Q - the ring of Jiugh (left hand) {rElec rC++ rN+ Dex-5 Slay+3}
   (You found it in the Dungeon)

   [ring of slaying]

   It affects your dexterity (-5).
   It affects your accuracy and damage with ranged weapons and melee attacks
   (+3).
   It greatly protects you from cold.
   It insulates you from electricity.
   It protects you from negative energy.
 R - the ring "Lidgh" {rC+ SInv Stlth+}
   (You found it in the Dungeon)

   [ring of see invisible]

   It protects you from cold.
   It lets you see invisible.
   It makes you more stealthy.
 S - the amulet "Joukhlyp" {Gourm rElec rC- SInv}
   (You found it in the Dungeon)

   [amulet of the gourmand]

   It allows you to eat raw meat even when not hungry.
   It makes you vulnerable to cold.
   It insulates you from electricity.
   It lets you see invisible.
 T - the ring of Doubts {Int+3 SInv}
   (You found it in the Dungeon)

   [ring of intelligence]

   It affects your intelligence (+3).
   It lets you see invisible.
Wands
 n - a wand of fire (3)
Scrolls
 c - 3 scrolls of identify
 k - 3 scrolls of blinking
 l - 7 scrolls of remove curse
 m - 3 scrolls of amnesia
 u - 5 scrolls of recharging
 v - 2 scrolls of fog
 x - a scroll of fear
 H - 6 scrolls of enchant weapon
Potions
 b - 6 potions of brilliance
 d - 5 potions of might
 f - 10 potions of curing
 h - 2 potions of agility
 i - 2 potions of magic
Books
 o - a book of Annihilations

   Spells                             Type                      Level
   a - Poison Arrow                   Conjuration/Poison           6
   b - Chain Lightning                Conjuration/Air              8
   c - Lehudib's Crystal Spear        Conjuration/Earth            8
   d - Glaciate                       Conjuration/Ice              9
   e - Fire Storm                     Conjuration/Fire             9
Comestibles
 z - 5 meat rations
 A - 24 fruits
 B - 6 bread rations


   Skills:
 O Level 27 Fighting
 O Level 27 Long Blades
 O Level 27 Axes
 O Level 27 Maces & Flails
 O Level 27 Polearms
 O Level 27 Throwing
 O Level 27 Armour
 O Level 27 Dodging
 O Level 27 Stealth
 O Level 27 Shields
 O Level 27 Unarmed Combat
 O Level 27 Spellcasting
 * Level 18.8 Conjurations
 * Level 18.9 Fire Magic
 * Level 18.8 Ice Magic
 + Level 17.5 Air Magic
 + Level 17.6 Earth Magic
 + Level 21.7 Poison Magic
 O Level 27 Invocations
 O Level 27 Evocations


You had 40 spell levels left.
You knew the following spells:

 Your Spells              Type           Power        Failure   Level  Hunger
a - Poison Arrow          Conj/Pois      #######...   1%          6    None
b - Chain Lightning       Conj/Air       #######...   12%         8    ####...
c - Lehudib's Crystal Sp  Conj/Erth      #######...   12%         8    ####...
d - Fire Storm            Conj/Fire      #######...   85%         9    #####..
e - Glaciate              Conj/Ice       #######...   85%         9    #####..


Dungeon Overview and Level Annotations

Branches:
Dungeon (1/1)

Altars:
Cheibriados
Dithmenos
Elyvilon
Fedhas
Gozag
Kikubaaqudgha
Makhleb
Nemelex Xobeh
Okawaru
Qazlal
Ru
Sif Muna
Trog
Vehumet
Xom
Yredelemnul
Zin
The Shining One
Beogh
Jiyva
Lugonu

Shops:
D }%:%


Innate Abilities, Weirdness & Mutations

You cannot wear boots.
Your serpentine skin is tough (AC +9).
You have supernaturally acute eyesight.
Armour fits poorly on your strangely shaped body.
Your system is resistant to poisons.
You cover ground very slowly.
You have a slow metabolism.
You can spit poison.
You can use your snake-like lower body to constrict enemies.
Your magical capacity is low (-10% MP).
You sometimes yell uncontrollably at your foes.
Potions and wands are less effective at restoring your health.


Message History

The monstrous demonspawn is almost dead.
You constrict the monstrous demonspawn.
You kill the monstrous demonspawn!
Cheibriados appreciates the change of pace.
Things that are here:
a ring mail; a monstrous demonspawn corpse
Things that are here:
a ring mail; a monstrous demonspawn corpse You see here a robe.
Items here: ( )) [[ † You see here a robe.
Things that are here:
a ring mail; a monstrous demonspawn corpse You feel yourself speed up.
You see here a dagger.
There is an open door to the Dungeon, spattered with blood here.
You see here a dagger.
You feel less exhausted.
There is a staircase leading out of the dungeon here.
You have escaped!

)))'.....).......▓
▓▓▓▓▓▓▓▓▓▓▓▓▓▓▓▓.▓
........)........▓
▓▓▓▓▓▓▓▓▓▓▓▓▓▓▓▓▓▓
..[....).'.......▓
▓▓▓▓▓▓▓▓▓▓▓▓▓▓▓▓.▓
).)...........†..▓
▓▓▓▓▓▓▓▓▓▓▓▓▓▓▓▓▓▓
.....')[[.))....@▓
▓▓▓▓▓▓▓▓▓▓▓▓▓▓▓▓▓▓


There were no monsters in sight!

Vanquished Creatures
  the royal jelly (D)
  4 seraphim (D)
  6 ancient liches (D)
  2 orbs of fire (D)
  38 pandemonium lords (D)
  Mara (D)
  Mennas (D)
  5 greater mummies (D)
  Boris (D)
  Frederick (D)
  Norris (D)
  A curse toe (D)
  A caustic shrike (shapeshifter) (D)
  A golden dragon (D)
  Jory (D)
  Xtahua (D)
  3 profane servitors (D)
  6 Brimstone Fiends (D)
  4 electric golems (D)
  8 liches (D)
  7 Ice Fiends (D)
  11 Hell Sentinels (D)
  3 hellephants (D)
  95 Orb Guardians (D)
  4 tentacled monstrosities (D)
  8 Shadow Fiends (D)
  2 deep elf blademasters (D)
  3 death cobs (D)
  10 acid blobs (D)
  14 sphinxes (D)
  8 Executioners (D)
  A tengu reaver (D)
  Kirke (D)
  4 storm dragons (D)
  7 shadow dragons (D)
  Ilsuiw (D)
  7 daevas (D)
  3 corrupters (D)
  10 azure jellies (D)
  A vault warden (D)
  A frost giant (D)
  A draconian knight (D)
  Maud (D)
  An orc warlord (D)
  A ghost moth (D)
  4 emperor scorpions (D)
  6 cacodemons (D)
  3 deep elf sorcerers (D)
  8 greater nagas (D)
  Louise (D)
  2 draconian scorchers (D)
  An iron dragon (D)
  3 draconian zealots (D)
  5 balrugs (D)
  A draconian shifter (D)
  A warmonger (D)
  4 angels (D)
  2 draconian annihilators (D)
  6 reapers (D)
  3 stone giants (D)
  A war gargoyle (D)
  3 ironheart preservers (D)
  A starcursed mass (D)
  A draconian caller (D)
  2 deep elf demonologists (D)
  A blood saint (D)
  3 green draconians (D)
  8 lorocyprocas (D)
  8 vampire knights (D)
  A salamander stormcaller (D)
  A white draconian (D)
  5 mottled draconians (D)
  4 deep elf annihilators (D)
  5 chaos champions (D)
  2 yellow draconians (D)
  3 black suns (D)
  A red draconian (D)
  A deep elf death mage (D)
  2 merfolk javelineers (D)
  An ettin (D)
  7 blizzard demons (D)
  4 death oozes (D)
  5 merfolk impalers (D)
  Erolcha (D)
  3 mummy priests (D)
  7 green deaths (D)
  25 vault guards (D)
  3 yaktaur captains (D)
  12 fire dragons (D)
  A rakshasa (D)
  An entropy weaver (D)
  2 deep elf high priests (D)
  7 hell beasts (D)
  5 great orbs of eyes (D)
  3 ice dragons (D)
  A merfolk avatar (D)
  4 monstrous demonspawn (D)
  An ogre mage (D)
  2 centaur warriors (D)
  2 alligators (D)
  12 hydras (D)
  4 merfolk aquamancers (D)
  A spriggan berserker (D)
  A shock serpent (D)
  A tengu warrior (D)
  A deep troll earth mage (D)
  A thrashing horror (D)
  A deep troll shaman (D)
  Urug (D)
  3 hell knights (D)
  9 hell hogs (D)
  5 small abominations (D)
  3 orc high priests (D)
  A deep elf knight (D)
  18 soul eaters (D)
  21 sun demons (D)
  8 ice devils (D)
  6 cherubim (D)
  4 gelid demonspawn (D)
  4 sea snakes (D)
  3 hill giants (D)
  An unseen horror (D)
  16 shadow demons (D)
  5 swamp dragons (D)
  A harpy (shapeshifter) (D)
  A giant orange brain (D)
  2 putrid demonspawn (D)
  2 anubis guards (shapeshifter) (D)
  7 orc knights (D)
  5 torturous demonspawn (D)
  4 ironbrand convokers (D)
  6 infernal demonspawn (D)
  A griffon (D)
  A wizard (D)
  A necromancer (D)
  6 wolf spiders (D)
  28 sixfirhies (D)
  3 orc sorcerers (D)
  29 rust devils (D)
  A manticore (D)
  An elephant (D)
  11 moths of wrath (D)
  3 toenail golems (D)
  2 hornets (D)
  A siren (D)
  3 naga magi (D)
  4 black mambas (D)
  2 mana vipers (D)
  3 guardian serpents (D)
  29 orange demons (D)
  30 smoke demons (D)
  3 spiny frogs (D)
  A kobold demonologist (D)
  9 hellions (D)
  2 efreet (D)
  4 yaktaurs (D)
  5 tormentors (D)
  A tengu conjurer (D)
  3 demonic crawlers (D)
  30 hellwings (D)
  20 red devils (D)
  A wandering mushroom (D)
  20 guardian mummies (D)
  2 freezing wraiths (D)
  A wind drake (shapeshifter) (D)
  25 blue devils (D)
  A troll (D)
  A giant leech (D)
  3 slime creatures (D)
  2 snapping turtles (D)
  A trapdoor spider (D)
  2 blink frogs (D)
  2 boulder beetles (D)
  A shadow (D)
  3 redbacks (D)
  A deep elf mage (D)
  A flying skull (D)
  3 yaks (D)
  11 spriggans (D)
  2 tarantellas (D)
  2 hippogriffs (D)
  16 chaos spawn (D)
  12 large abominations (D)
  A water elemental (D)
  2 wyverns (D)
  14 ynoxinuls (D)
  Eustachio (D)
  A golden eye (D)
  A basilisk (D)
  4 hogs (D)
  5 vampire mosquitoes (D)
  15 neqoxecs (D)
  A naga (D)
  A deep elf fighter (D)
  4 hell hounds (D)
  3 swamp drakes (D)
  9 orc warriors (D)
  2 porcupines (D)
  2 water moccasins (D)
  4 eyes of draining (D)
  A necrophage (D)
  A phantom (D)
  2 crocodiles (D)
  2 centaurs (D)
  4 giant frogs (D)
  14 crimson imps (D)
  11 quasits (D)
  A jelly (D)
  5 orc priests (D)
  5 orc wizards (D)
  12 iron imps (D)
  4 worker ants (D)
  A river rat (D)
  9 white imps (D)
  4 shadow imps (D)
  3 giant eyeballs (D)
  4 ufetubi (D)
  An adder zombie (D)
  2 giant geckos (D)
  9 orcs (D)
  A bat (D)
  A bat simulacrum (D)
  A bat zombie (D)
  2 quokkas (D)
  A giant newt (D)
  2 goblins (D)
  A jackal skeleton (D)
  A rat (D)
  3 crawling corpses (D)
  4 fire vortices (D)
1182 creatures vanquished.

Vanquished Creatures (others)
  A pandemonium lord (D)
  Margery (D)
  Nikola (D)
  A lich (D)
  An Orb Guardian (D)
  A fire giant (D)
  A hell knight (D)
  2 ice devils (D)
  An orc knight (D)
  A sixfirhy (D)
  A smoke demon (D)
  A red devil (D)
  A small abomination (D)
  A shadow imp (D)
15 creatures vanquished.

Grand Total: 1197 creatures vanquished

Notes
Turn   | Place    | Note
--------------------------------------------------------------
     0 | D        | Groucho the Naga Fighter began the quest for the Orb.
     0 | D        | Reached XP level 1. HP: 21/21 MP: 1/1
   221 | D        | Noticed a crimson imp
   221 | D        | Noticed a worker ant
   224 | D        | Reached XP level 2. HP: 28/28 MP: 2/2
   229 | D        | Killed a worker ant
   229 | D        | Reached skill level 4 in Fighting
   229 | D        | Reached XP level 3. HP: 24/36 MP: 3/3
   247 | D        | Killed a crimson imp
   247 | D        | Reached XP level 4. HP: 23/45 MP: 4/4
   250 | D        | Found a glowing silver altar of Zin.
   250 | D        | Found a glowing golden altar of the Shining One.
   250 | D        | Found an ancient bone altar of Kikubaaqudgha.
   250 | D        | Found a basalt altar of Yredelemnul.
   250 | D        | Found a shimmering altar of Xom.
   250 | D        | Found a radiant altar of Vehumet.
   251 | D        | Found an iron altar of Okawaru.
   252 | D        | Found a burning altar of Makhleb.
   253 | D        | Found a deep blue altar of Sif Muna.
   254 | D        | Found a bloodstained altar of Trog.
   255 | D        | Found a sparkling altar of Nemelex Xobeh.
   256 | D        | Found a white marble altar of Elyvilon.
   257 | D        | Found a roughly hewn altar of Beogh.
   258 | D        | Found a viscous altar of Jiyva.
   259 | D        | Found a corrupted altar of Lugonu.
   260 | D        | Found a blossoming altar of Fedhas.
   261 | D        | Found a snail-covered altar of Cheibriados.
   262 | D        | Found a shadowy altar of Dithmenos.
   263 | D        | Found a stormy altar of Qazlal.
   264 | D        | Found an opulent altar of Gozag.
   265 | D        | Found a sacrificial altar of Ru.
   278 | D        | Became a worshipper of Cheibriados the Contemplative
   376 | D        | Noticed a centaur
   376 | D        | Noticed a worker ant
   376 | D        | Noticed a wyvern
   376 | D        | Noticed a giant frog
   383 | D        | Killed a giant frog
   383 | D        | Reached skill level 5 in Fighting
   383 | D        | Reached skill level 1 in Dodging
   383 | D        | Reached XP level 5. HP: 38/52 MP: 4/8
   385 | D        | Killed a wyvern
   385 | D        | Reached * piety under Cheibriados
   385 | D        | Reached skill level 5 in Axes
   385 | D        | Reached XP level 6. HP: 31/62 MP: 4/11
   390 | D        | Reached ** piety under Cheibriados
   392 | D        | Killed a worker ant
   392 | D        | Reached skill level 6 in Fighting
   392 | D        | Reached skill level 5 in Armour
   392 | D        | Reached skill level 5 in Invocations
   396 | D        | Killed a centaur
   396 | D        | Reached *** piety under Cheibriados
   396 | D        | Reached skill level 5 in Shields
   583 | D        | Noticed a phantom
   583 | D        | Noticed a slime creature
   583 | D        | Noticed a crimson imp
   583 | D        | Noticed a worker ant
   583 | D        | Noticed a worker ant
   583 | D        | Noticed a hill giant
   592 | D        | Killed a crimson imp
   592 | D        | Reached skill level 5 in Spellcasting
   601 | D        | Killed a phantom
   601 | D        | Reached XP level 7. HP: 36/70 MP: 13/15
   604 | D        | Killed a worker ant
   604 | D        | Reached **** piety under Cheibriados
   611 | D        | Killed a slime creature
   611 | D        | Reached skill level 7 in Invocations
   611 | D        | Killed a worker ant
   615 | D        | Killed a hill giant
   615 | D        | Reached skill level 8 in Invocations
   615 | D        | Reached XP level 8. HP: 45/80 MP: 5/18
   971 | D        | Noticed a crocodile
   971 | D        | Noticed a spiny frog
   971 | D        | Noticed a giant frog
   971 | D        | Noticed a basilisk
   971 | D        | Noticed a six-headed hydra
   975 | D        | Noticed a porcupine
   978 | D        | Killed a giant frog
   978 | D        | Killed a porcupine
   978 | D        | Reached ***** piety under Cheibriados
   979 | D        | Killed a basilisk
   979 | D        | Reached skill level 9 in Invocations
   979 | D        | Killed a spiny frog
   979 | D        | Reached skill level 5 in Dodging
   979 | D        | Reached XP level 9. HP: 39/88 MP: 13/21
   979 | D        | Killed a crocodile
   980 | D        | Noticed a porcupine
   980 | D        | Killed a ten-headed hydra
   980 | D        | Reached skill level 10 in Invocations
   980 | D        | Killed a porcupine
   990 | D        | Noticed a yak
   996 | D        | Killed a yak
  1370 | D        | Noticed a hippogriff
  1370 | D        | Noticed a crocodile
  1370 | D        | Noticed a yak
  1370 | D        | Noticed an elephant
  1370 | D        | Noticed a water moccasin
  1370 | D        | Noticed a water moccasin
  1372 | D        | Killed a water moccasin
  1374 | D        | Noticed a giant frog
  1379 | D        | Noticed a blink frog
  1379 | D        | Killed a water moccasin
  1383 | D        | Noticed a yak
  1383 | D        | Killed an elephant
  1383 | D        | Reached XP level 10. HP: 95/98 MP: 23/23
  1390 | D        | Killed a yak
  1390 | D        | Reached skill level 11 in Invocations
  1395 | D        | Killed a crocodile
  1395 | D        | Reached ****** piety under Cheibriados
  1401 | D        | Killed a hippogriff
  1403 | D        | Killed a giant frog
  1407 | D        | Killed a yak
  1407 | D        | Killed a blink frog
  1418 | D        | Noticed a vampire mosquito
  1418 | D        | Noticed a vampire mosquito
  1418 | D        | Noticed a giant frog
  1418 | D        | Noticed a blink frog
  1418 | D        | Noticed a spiny frog
  1418 | D        | Noticed a vampire mosquito
  1420 | D        | Noticed a spiny frog
  1420 | D        | Killed a vampire mosquito
  1423 | D        | Killed a spiny frog
  1423 | D        | Reached skill level 10 in Spellcasting
  1425 | D        | Killed a blink frog
  1429 | D        | Killed a giant frog
  1430 | D        | Noticed a giant leech
  1432 | D        | Killed a vampire mosquito
  1436 | D        | Killed a vampire mosquito
  1440 | D        | Killed a spiny frog
  1447 | D        | Killed a giant leech
  1814 | D        | Noticed Eustachio
  1824 | D        | Killed Eustachio
  1966 | D        | Noticed an orc wizard
  1966 | D        | Noticed an orc wizard
  1966 | D        | Noticed an orc priest
  1966 | D        | Noticed an orc priest
  1966 | D        | Noticed an orc wizard
  1967 | D        | Noticed an orc priest
  1968 | D        | Killed an orc wizard
  1968 | D        | Killed an orc priest
  1968 | D        | Killed an orc priest
  1968 | D        | Killed an orc wizard
  1968 | D        | Killed an orc wizard
  1968 | D        | Killed an orc priest
  1969 | D        | Noticed an orc priest
  1970 | D        | Noticed an orc warrior
  1971 | D        | Noticed an orc priest
  1975 | D        | Noticed an orc wizard
  1977 | D        | Killed an orc priest
  1977 | D        | Killed an orc priest
  1977 | D        | Killed an orc wizard
  1978 | D        | Killed an orc warrior
  2122 | D        | Noticed an orc wizard
  2122 | D        | Noticed an orc warrior
  2122 | D        | Noticed an orc warrior
  2122 | D        | Noticed an orc warrior
  2122 | D        | Noticed an orc warrior
  2124 | D        | Noticed an orc sorcerer
  2125 | D        | Noticed an orc knight
  2125 | D        | Killed an orc warrior
  2125 | D        | Killed an orc warrior
  2125 | D        | Reached skill level 10 in Fighting
  2125 | D        | Killed an orc sorcerer
  2125 | D        | Reached XP level 11. HP: 87/108 MP: 25/25
  2125 | D        | Killed an orc wizard
  2126 | D        | Killed an orc warrior
  2126 | D        | Killed an orc warrior
  2127 | D        | Noticed an orc warrior
  2128 | D        | Noticed an orc warrior
  2129 | D        | Noticed an orc warrior
  2130 | D        | Noticed an orc warrior
  2134 | D        | Killed an orc knight
  2134 | D        | Reached skill level 10 in Axes
  2137 | D        | Killed an orc warrior
  2144 | D        | Killed an orc warrior
  2148 | D        | Killed an orc warrior
  2151 | D        | Killed an orc warrior
  2253 | D        | Found Ditefis's Food Boutique.
  2253 | D        | Noticed an orc high priest
  2253 | D        | Noticed an orc sorcerer
  2253 | D        | Noticed an orc knight
  2254 | D        | Killed an orc sorcerer
  2256 | D        | Killed an orc knight
  2257 | D        | Noticed an orc knight
  2257 | D        | Killed an orc high priest
  2257 | D        | Reached skill level 12 in Invocations
  2272 | D        | Killed an orc knight
  2274 | D        | Found Rasufeap's Book Shop.
  2278 | D        | Found Bessaa's Food Boutique.
  2282 | D        | Found Ekkixet's Gadget Shop.
  2284 | D        | Noticed an orc high priest
  2286 | D        | Noticed an orc high priest
  2287 | D        | Noticed an orc knight
  2288 | D        | Killed an orc high priest
  2288 | D        | Killed an orc high priest
  2289 | D        | Killed an orc knight
  2290 | D        | Noticed an orc sorcerer
  2296 | D        | Killed an orc sorcerer
  2395 | D        | Noticed Urug
  2408 | D        | Killed Urug
  2454 | D        | Noticed Erolcha
  2463 | D        | Killed Erolcha
  2463 | D        | Reached XP level 12. HP: 111/120 MP: 27/27
  2605 | D        | Noticed a centaur
  2605 | D        | Noticed a kobold demonologist
  2605 | D        | Noticed an unseen horror
  2605 | D        | Noticed a necrophage
  2605 | D        | Noticed a manticore
  2605 | D        | Noticed a hippogriff
  2606 | D        | Killed a hippogriff
  2607 | D        | Noticed a hill giant
  2608 | D        | Killed a necrophage
  2608 | D        | Reached skill level 10 in Armour
  2608 | D        | Killed an unseen horror
  2608 | D        | Killed a centaur
  2609 | D        | Noticed a fire dragon
  2609 | D        | Killed a manticore
  2611 | D        | Noticed a centaur warrior
  2611 | D        | Noticed a wyvern
  2612 | D        | Killed a kobold demonologist
  2612 | D        | Reached skill level 10 in Shields
  2612 | D        | Killed a wyvern
  2613 | D        | Killed a hill giant
  2616 | D        | Noticed a yaktaur
  2622 | D        | Killed a fire dragon
  2628 | D        | Killed a centaur warrior
  2630 | D        | Noticed a stone giant
  2632 | D        | Killed a yaktaur
  2636 | D        | Noticed a centaur warrior
  2641 | D        | Killed a stone giant
  2645 | D        | Killed a centaur warrior
  2648 | D        | Noticed a yaktaur
  2649 | D        | Noticed a great orb of eyes
  2651 | D        | Killed a yaktaur
  2651 | D        | Killed a great orb of eyes
  2651 | D        | Reached skill level 10 in Dodging
  2651 | D        | Reached skill level 13 in Invocations
  3090 | D        | Noticed a black mamba
  3090 | D        | Noticed a guardian serpent
  3090 | D        | Noticed a black mamba
  3090 | D        | Noticed a black mamba
  3090 | D        | Noticed a mana viper
  3090 | D        | Noticed a mana viper
  3091 | D        | Killed a mana viper
  3091 | D        | Killed a black mamba
  3091 | D        | Killed a black mamba
  3091 | D        | Killed a guardian serpent
  3091 | D        | Killed a black mamba
  3092 | D        | Noticed a naga
  3092 | D        | Killed a mana viper
  3093 | D        | Noticed a black mamba
  3093 | D        | Killed a naga
  3093 | D        | Killed a black mamba
  3094 | D        | Noticed a shock serpent
  3095 | D        | Killed a shock serpent
  3321 | D        | Noticed a snapping turtle
  3321 | D        | Noticed a siren
  3321 | D        | Noticed a sea snake
  3321 | D        | Noticed a sea snake
  3321 | D        | Noticed a sea snake
  3321 | D        | Noticed a sea snake
  3323 | D        | Noticed a water elemental
  3323 | D        | Killed a sea snake
  3323 | D        | Gained mutation: You can use your snake-like lower body to constrict enemies. [Naga growth]
  3323 | D        | Reached XP level 13. HP: 130/130 MP: 23/29
  3323 | D        | Killed a sea snake
  3323 | D        | Killed a sea snake
  3323 | D        | Killed a sea snake
  3323 | D        | Killed a siren
  3324 | D        | Killed a water elemental
  3327 | D        | Noticed a snapping turtle
  3330 | D        | Killed a snapping turtle
  3337 | D        | Killed a snapping turtle
  3386 | D        | Noticed a six-headed hydra
  3386 | D        | Noticed a swamp drake
  3386 | D        | Noticed a hornet
  3386 | D        | Noticed an alligator
  3386 | D        | Noticed a four-headed hydra
  3386 | D        | Noticed a swamp drake
  3390 | D        | Killed a swamp drake
  3392 | D        | Noticed a seven-headed hydra
  3395 | D        | Killed a hornet
  3395 | D        | Killed a swamp drake
  3396 | D        | Noticed a swamp drake
  3396 | D        | Killed a nine-headed hydra
  3397 | D        | Killed an alligator
  3397 | D        | Killed a six-headed hydra
  3399 | D        | Noticed a swamp dragon
  3408 | D        | Killed a 16-headed hydra
  3410 | D        | Killed a swamp drake
  3415 | D        | Killed a swamp dragon
  3739 | D        | Noticed a tarantella
  3739 | D        | Noticed a wolf spider
  3739 | D        | Noticed a redback
  3739 | D        | Noticed a tarantella
  3739 | D        | Noticed a hornet
  3739 | D        | Noticed a boulder beetle
  3740 | D        | Killed a hornet
  3740 | D        | Killed a tarantella
  3740 | D        | Killed a redback
  3740 | D        | Killed a tarantella
  3741 | D        | Noticed an entropy weaver
  3745 | D        | Killed a boulder beetle
  3747 | D        | Noticed a trapdoor spider
  3747 | D        | Killed a wolf spider
  3749 | D        | Noticed a wolf spider
  3749 | D        | Killed a trapdoor spider
  3750 | D        | Killed a wolf spider
  3751 | D        | Killed an entropy weaver
  3954 | D        | Noticed Maud
  3961 | D        | Killed Maud
  4025 | D        | Noticed a hog
  4026 | D        | Noticed a hog
  4028 | D        | Killed a hog
  4029 | D        | Killed a hog
  4030 | D        | Noticed a hog
  4031 | D        | Noticed Kirke
  4032 | D        | Killed a hog
  4033 | D        | Noticed a hog
  4033 | D        | Killed a hog
  4036 | D        | Killed Kirke
  4036 | D        | Reached skill level 14 in Fighting
  4287 | D        | Noticed a yaktaur captain
  4287 | D        | Noticed a harpy
  4287 | D        | Noticed an ettin
  4287 | D        | Noticed a fire dragon
  4287 | D        | Noticed a great orb of eyes
  4287 | D        | Noticed a tengu warrior
  4288 | D        | Noticed an iron dragon
  4289 | D        | Killed a harpy
  4290 | D        | Killed a tengu warrior
  4291 | D        | Killed a great orb of eyes
  4291 | D        | Killed an ettin
  4291 | D        | Killed a yaktaur captain
  4292 | D        | Noticed a sphinx
  4292 | D        | Killed a fire dragon
  4292 | D        | Reached XP level 14. HP: 141/145 MP: 16/32
  4296 | D        | Noticed a fire giant
  4300 | D        | Noticed a giant orange brain
  4302 | D        | Killed an iron dragon
  4303 | D        | Noticed a deep troll earth mage
  4308 | D        | Noticed a spriggan berserker
  4309 | D        | Killed a sphinx
  4317 | D        | Killed a giant orange brain
  4317 | D        | Killed a deep troll earth mage
  4317 | D        | Killed a spriggan berserker
  4320 | D        | Killed a fire giant
  4473 | D        | Noticed a yaktaur captain
  4477 | D        | Killed a yaktaur captain
  4646 | D        | Noticed a stone giant
  4647 | D        | Noticed a deep troll shaman
  4650 | D        | Killed a deep troll shaman
  4652 | D        | Noticed a stone giant
  4653 | D        | Noticed a lich
  4654 | D        | Killed a stone giant
  4654 | D        | Reached skill level 15 in Fighting
  4656 | D        | Noticed a Hell Sentinel
  4656 | D        | Killed a lich
  4656 | D        | Reached skill level 15 in Axes
  4656 | D        | Reached skill level 15 in Spellcasting
  4663 | D        | Killed a stone giant
  4917 | D        | Noticed a vampire mosquito
  4917 | D        | Noticed a freezing wraith
  4917 | D        | Noticed a hill giant
  4917 | D        | Noticed a boulder beetle
  4917 | D        | Noticed an orc knight
  4917 | D        | Noticed an ironbrand convoker
  4918 | D        | Killed a vampire mosquito
  4919 | D        | Killed an ironbrand convoker
  4919 | D        | Reached skill level 1 in Evocations
  4919 | D        | Killed an orc knight
  4919 | D        | Killed a freezing wraith
  4920 | D        | Noticed a slime creature
  4921 | D        | Noticed a vault warden
  4925 | D        | Killed a boulder beetle
  4926 | D        | Noticed a vampire mosquito
  4926 | D        | Killed a hill giant
  4928 | D        | Noticed a slime creature
  4933 | D        | Killed a slime creature
  4942 | D        | Killed a vault warden
  4948 | D        | Killed a slime creature
  4950 | D        | Killed a vampire mosquito
  4960 | D        | Noticed a griffon
  4961 | D        | Noticed an orc warlord
  4962 | D        | Noticed a sphinx
  4964 | D        | Noticed an ironheart preserver
  4966 | D        | Noticed a wolf spider
  4967 | D        | Killed a griffon
  4967 | D        | Killed a wolf spider
  4969 | D        | Killed a sphinx
  4970 | D        | Killed an orc warlord
  4970 | D        | Killed an ironheart preserver
  4977 | D        | Noticed an ogre mage
  4982 | D        | Killed an ogre mage
  5103 | D        | Noticed an ironbrand convoker
  5104 | D        | Noticed a deep elf fighter
  5104 | D        | Killed a deep elf fighter
  5105 | D        | Noticed a wind drake
  5105 | D        | Noticed a salamander stormcaller
  5106 | D        | Noticed a guardian mummy
  5106 | D        | Noticed an Orb Guardian
  5106 | D        | Noticed an orc knight
  5108 | D        | Killed an ironbrand convoker
  5109 | D        | Killed an Orb Guardian
  5109 | D        | Reached skill level 15 in Invocations
  5109 | D        | Reached skill level 5 in Evocations
  5109 | D        | Reached XP level 15. HP: 118/156 MP: 24/34
  5109 | D        | Killed a wind drake
  5109 | D        | Killed an orc knight
  5110 | D        | Killed a guardian mummy
  5110 | D        | Killed a salamander stormcaller
  5111 | D        | Noticed an Orb Guardian
  5115 | D        | Killed an Orb Guardian
  5115 | D        | Reached skill level 16 in Fighting
  5732 | D        | Noticed a greater naga
  5732 | D        | Noticed a greater naga
  5732 | D        | Noticed a greater naga
  5732 | D        | Noticed a greater naga
  5732 | D        | Noticed a guardian serpent
  5732 | D        | Noticed a greater naga
  5733 | D        | Noticed a greater naga
  5734 | D        | Killed a guardian serpent
  5736 | D        | Killed a greater naga
  5736 | D        | Killed a greater naga
  5737 | D        | Noticed a greater naga
  5737 | D        | Killed a greater naga
  5737 | D        | Killed a greater naga
  5739 | D        | Noticed a naga mage
  5739 | D        | Killed a greater naga
  5739 | D        | Killed a greater naga
  5740 | D        | Killed a greater naga
  5741 | D        | Noticed a greater naga
  5742 | D        | Noticed a naga mage
  5747 | D        | Killed a greater naga
  5749 | D        | Killed a naga mage
  5752 | D        | Killed a naga mage
  5753 | D        | Noticed a guardian serpent
  5754 | D        | Noticed a naga mage
  5757 | D        | Killed a guardian serpent
  5761 | D        | Killed a naga mage
  5764 | D        | Got a serpentine rune of Zot
  5992 | D        | Noticed a moth of wrath
  5992 | D        | Noticed an emperor scorpion
  5992 | D        | Noticed an emperor scorpion
  5992 | D        | Noticed a demonic crawler
  5992 | D        | Noticed an emperor scorpion
  5992 | D        | Noticed a wolf spider
  5994 | D        | Noticed a ghost moth
  5994 | D        | Killed a wolf spider
  5994 | D        | Killed a demonic crawler
  5994 | D        | Killed a moth of wrath
  5996 | D        | Killed a ghost moth
  5997 | D        | Killed an emperor scorpion
  5997 | D        | Killed an emperor scorpion
  5997 | D        | Killed an emperor scorpion
  5997 | D        | Reached skill level 17 in Fighting
  6231 | D        | Noticed a wolf spider
  6232 | D        | Noticed an emperor scorpion
  6235 | D        | Noticed a moth of wrath
  6236 | D        | Killed a wolf spider
  6245 | D        | Killed an emperor scorpion
  6245 | D        | Killed a moth of wrath
  6247 | D        | Noticed a wolf spider
  6248 | D        | Noticed a redback
  6248 | D        | Noticed a demonic crawler
  6248 | D        | Killed a redback
  6249 | D        | Killed a wolf spider
  6249 | D        | Killed a demonic crawler
  6253 | D        | Got a gossamer rune of Zot
  6425 | D        | Noticed a six-headed hydra
  6425 | D        | Noticed a five-headed hydra
  6425 | D        | Noticed a swamp dragon
  6425 | D        | Noticed a swamp dragon
  6425 | D        | Noticed a four-headed hydra
  6425 | D        | Noticed a seven-headed hydra
  6428 | D        | Noticed an alligator
  6438 | D        | Killed a 17-headed hydra
  6439 | D        | Killed a four-headed hydra
  6439 | D        | Killed a swamp dragon
  6439 | D        | Reached skill level 15 in Armour
  6439 | D        | Killed a swamp dragon
  6439 | D        | Killed a five-headed hydra
  6439 | D        | Killed an alligator
  6439 | D        | Reached skill level 15 in Shields
  6440 | D        | Noticed a six-headed hydra
  6441 | D        | Noticed a swamp dragon
  6441 | D        | Noticed a swamp dragon
  6441 | D        | Killed a seven-headed hydra
  6442 | D        | Noticed a seven-headed hydra
  6443 | D        | Noticed a six-headed hydra
  6448 | D        | Noticed a six-headed hydra
  6449 | D        | Killed a 13-headed hydra
  6455 | D        | Killed a swamp dragon
  6455 | D        | Reached XP level 16. HP: 58/169 MP: 25/36
  6462 | D        | Killed a swamp dragon
  6465 | D        | Killed a nine-headed hydra
  6470 | D        | Killed a ten-headed hydra
  6471 | D        | Killed a six-headed hydra
  6471 | D        | Reached skill level 10 in Evocations
  6477 | D        | Got a decaying rune of Zot
  6899 | D        | Noticed a merfolk impaler
  6899 | D        | Noticed a merfolk impaler
  6899 | D        | Noticed a merfolk aquamancer
  6899 | D        | Noticed a merfolk javelineer
  6899 | D        | Noticed a merfolk aquamancer
  6899 | D        | Noticed a merfolk aquamancer
  6900 | D        | Noticed Ilsuiw
  6901 | D        | Noticed a merfolk aquamancer
  6903 | D        | Killed a merfolk aquamancer
  6903 | D        | Killed a merfolk aquamancer
  6903 | D        | Killed a merfolk aquamancer
  6903 | D        | Killed a merfolk javelineer
  6903 | D        | Killed a merfolk impaler
  6903 | D        | Killed a merfolk aquamancer
  6904 | D        | Killed a merfolk impaler
  6904 | D        | Reached skill level 15 in Dodging
  6906 | D        | Noticed a merfolk impaler
  6906 | D        | Killed Ilsuiw
  6909 | D        | Noticed a merfolk impaler
  6910 | D        | Noticed a merfolk avatar
  6911 | D        | Killed a merfolk impaler
  6913 | D        | Noticed a merfolk javelineer
  6914 | D        | Noticed a merfolk impaler
  6918 | D        | Killed a merfolk avatar
  6923 | D        | Killed a merfolk javelineer
  6928 | D        | Killed a merfolk impaler
  6933 | D        | Killed a merfolk impaler
  6933 | D        | Reached skill level 18 in Fighting
  6938 | D        | Got a barnacled rune of Zot
  7362 | D        | Noticed a vault guard
  7362 | D        | Noticed a vault guard
  7362 | D        | Noticed a vault guard
  7362 | D        | Noticed a vault guard
  7362 | D        | Noticed a vault guard
  7362 | D        | Noticed a vault guard
  7365 | D        | Killed a vault guard
  7367 | D        | Noticed a vault guard
  7369 | D        | Killed a vault guard
  7370 | D        | Noticed a vault guard
  7372 | D        | Killed a vault guard
  7372 | D        | Reached skill level 1 in Throwing
  7375 | D        | Killed a vault guard
  7380 | D        | Killed a vault guard
  7385 | D        | Noticed a vault guard
  7385 | D        | Killed a vault guard
  7388 | D        | Noticed a vault guard
  7388 | D        | Killed a vault guard
  7392 | D        | Killed a vault guard
  7395 | D        | Killed a vault guard
  7402 | D        | Killed a vault guard
  7408 | D        | Noticed a vault guard
  7409 | D        | Noticed a vault guard
  7412 | D        | Noticed a vault guard
  7415 | D        | Killed a vault guard
  7418 | D        | Killed a vault guard
  7419 | D        | Noticed a vault guard
  7423 | D        | Killed a vault guard
  7427 | D        | Killed a vault guard
  7429 | D        | Noticed a vault guard
  7435 | D        | Killed a vault guard
  7440 | D        | Noticed a vault guard
  7445 | D        | Killed a vault guard
  7451 | D        | Noticed a vault guard
  7452 | D        | Noticed a vault guard
  7452 | D        | Noticed a vault guard
  7453 | D        | Noticed a vault guard
  7456 | D        | Killed a vault guard
  7457 | D        | Noticed a vault guard
  7458 | D        | Noticed a vault guard
  7462 | D        | Noticed a vault guard
  7464 | D        | Killed a vault guard
  7470 | D        | Killed a vault guard
  7474 | D        | Killed a vault guard
  7480 | D        | Killed a vault guard
  7484 | D        | Killed a vault guard
  7488 | D        | Killed a vault guard
  7526 | D        | Noticed a vault guard
  7527 | D        | Noticed a vault guard
  7530 | D        | Killed a vault guard
  7534 | D        | Killed a vault guard
  7648 | D        | Noticed an ironheart preserver
  7648 | D        | Noticed an orc knight
  7648 | D        | Noticed an ironbrand convoker
  7648 | D        | Noticed a tengu reaver
  7648 | D        | Noticed a deep elf knight
  7648 | D        | Noticed an ironbrand convoker
  7650 | D        | Killed an ironheart preserver
  7651 | D        | Noticed an orc knight
  7651 | D        | Killed an ironbrand convoker
  7651 | D        | Killed a deep elf knight
  7651 | D        | Reached skill level 5 in Throwing
  7651 | D        | Killed an ironbrand convoker
  7651 | D        | Killed an orc knight
  7652 | D        | Killed a tengu reaver
  7652 | D        | Killed an orc knight
  7653 | D        | Noticed a redback
  7653 | D        | Killed a redback
  7653 | D        | Reached skill level 19 in Fighting
  7655 | D        | Noticed a yaktaur
  7656 | D        | Noticed an ironheart preserver
  7661 | D        | Killed an ironheart preserver
  7661 | D        | Reached XP level 17. HP: 183/183 MP: 17/39
  7664 | D        | Noticed a freezing wraith
  7666 | D        | Noticed a shadow dragon
  7666 | D        | Killed a yaktaur
  7678 | D        | Killed a shadow dragon
  7685 | D        | Killed a freezing wraith
  7688 | D        | Noticed a shadow dragon
  7689 | D        | Noticed a frost giant
  7709 | D        | Killed a shadow dragon
  7710 | D        | Noticed a yaktaur captain
  7717 | D        | Killed a frost giant
  7721 | D        | Killed a yaktaur captain
  8011 | D        | Noticed a shadow dragon
  8011 | D        | Noticed a necromancer
  8011 | D        | Noticed a lich
  8011 | D        | Noticed a shadow dragon
  8011 | D        | Noticed a war gargoyle
  8013 | D        | Killed a war gargoyle
  8014 | D        | Killed a necromancer
  8015 | D        | Killed a lich
  8016 | D        | Noticed a lich
  8016 | D        | Noticed a caustic shrike
  8016 | D        | a shadow dragon changed into a caustic shrike
  8017 | D        | Killed a caustic shrike
  8018 | D        | Killed a shadow dragon
  8018 | D        | Killed a shadow dragon
  8018 | D        | Killed a lich
  8020 | D        | Noticed a tentacled monstrosity
  8023 | D        | Noticed a shadow dragon
  8028 | D        | Killed a tentacled monstrosity
  8038 | D        | Killed a shadow dragon
  8046 | D        | Got an ancient steel amulet
  8052 | D        | Got a silver rune of Zot
  8306 | D        | Got the amulet "Zuanuep" {Gourm Str+3 Slay+3}
  8308 | D        | Got the ring of Jiugh {rElec rC++ rN+ Dex-5 Slay+3}
  8310 | D        | Got the ring "Lidgh" {rC+ SInv Stlth+}
  8312 | D        | Got the amulet "Joukhlyp" {Gourm rElec rC- SInv}
  8314 | D        | Got the ring of Doubts {Int+3 SInv}
  8317 | D        | Identified the amulet of Vanity {rCorr MR+ Slay+5} (You took it off a necromancer in the Dungeon)
  8340 | D        | Got the +4 plate armour "Erchumaca" {rCorr Int+2}
  8416 | D        | Noticed Jory
  8416 | D        | Noticed Nikola
  8416 | D        | Noticed a hell knight
  8417 | D        | Noticed Margery
  8421 | D        | Killed a hell knight
  8424 | D        | Noticed a hell knight
  8426 | D        | Killed Jory
  8427 | D        | Noticed a hell knight
  8429 | D        | Killed a hell knight
  8431 | D        | Killed a hell knight
  8431 | D        | Killed a hell knight
  8432 | D        | Killed Nikola
  8432 | D        | Reached skill level 20 in Fighting
  8432 | D        | Killed Margery
  8439 | D        | Noticed Louise
  8450 | D        | Noticed Frederick
  8455 | D        | Killed Louise
  8455 | D        | Killed Frederick
  8615 | D        | Noticed Mennas
  8626 | D        | Killed Mennas
  8637 | D        | Noticed Boris
  8644 | D        | Killed Boris
  8644 | D        | Reached XP level 18. HP: 184/196 MP: 41/41
  8674 | D        | Noticed Norris
  8676 | D        | Noticed Xtahua
  8678 | D        | Noticed Mara
  8679 | D        | Noticed Groucho's illusion
  8682 | D        | Killed Xtahua
  8687 | D        | Killed Mara
  8687 | D        | Reached skill level 10 in Throwing
  8692 | D        | Killed Norris
  8692 | D        | Reached skill level 21 in Fighting
  8838 | D        | Noticed a wizard
  8838 | D        | Noticed a jelly
  8838 | D        | Noticed a deep elf mage
  8838 | D        | Noticed a tengu conjurer
  8838 | D        | Noticed a troll
  8840 | D        | Killed a troll
  8842 | D        | Noticed a yaktaur
  8845 | D        | Killed a tengu conjurer
  8848 | D        | Killed a wizard
  8848 | D        | Killed a deep elf mage
  8849 | D        | Noticed a shadow
  8850 | D        | Killed a jelly
  8853 | D        | Killed a yaktaur
  8854 | D        | Killed a shadow
  8973 | D        | Noticed a fire dragon
  8973 | D        | Noticed a fire dragon
  8973 | D        | Noticed a fire dragon
  8973 | D        | Noticed a storm dragon
  8973 | D        | Noticed a fire dragon
  8973 | D        | Noticed a fire dragon
  8976 | D        | Killed a fire dragon
  8977 | D        | Killed a storm dragon
  8977 | D        | Killed a fire dragon
  8977 | D        | Killed a fire dragon
  8977 | D        | Killed a fire dragon
  8977 | D        | Killed a fire dragon
  8978 | D        | Noticed a yellow draconian
  8980 | D        | Noticed a mottled draconian
  8984 | D        | Noticed a mottled draconian
  8986 | D        | Noticed a mottled draconian
  8986 | D        | Killed a yellow draconian
  8987 | D        | Killed a mottled draconian
  8987 | D        | Killed a mottled draconian
  8988 | D        | Noticed a yellow draconian
  8991 | D        | Noticed a storm dragon
  8992 | D        | Killed a mottled draconian
  8999 | D        | Killed a yellow draconian
  9009 | D        | Killed a storm dragon
  9087 | D        | Noticed a green draconian
  9087 | D        | Noticed a green draconian shifter
  9087 | D        | Noticed a moth of wrath
  9087 | D        | Noticed a purple draconian knight
  9087 | D        | Noticed a death cob
  9087 | D        | Noticed a mottled draconian
  9088 | D        | Noticed a white draconian annihilator
  9090 | D        | Killed a death cob
  9090 | D        | Killed a moth of wrath
  9091 | D        | Killed a purple draconian knight
  9091 | D        | Killed a white draconian annihilator
  9092 | D        | Killed a mottled draconian
  9092 | D        | Killed a green draconian shifter
  9092 | D        | Killed a green draconian
  9266 | D        | Noticed an ice dragon
  9266 | D        | Noticed an ice dragon
  9266 | D        | Noticed a fire dragon
  9266 | D        | Noticed a tentacled monstrosity
  9266 | D        | Noticed a moth of wrath
  9266 | D        | Noticed a purple draconian scorcher
  9268 | D        | Killed a moth of wrath
  9269 | D        | Killed a purple draconian scorcher
  9269 | D        | Killed an ice dragon
  9270 | D        | Killed a fire dragon
  9270 | D        | Killed an ice dragon
  9272 | D        | Killed a tentacled monstrosity
  9273 | D        | Noticed a red draconian
  9274 | D        | Noticed a moth of wrath
  9279 | D        | Killed a red draconian
  9282 | D        | Killed a moth of wrath
  9429 | D        | Noticed a white draconian zealot
  9429 | D        | Noticed a moth of wrath
  9429 | D        | Noticed a white draconian
  9429 | D        | Noticed a mottled draconian
  9429 | D        | Noticed a moth of wrath
  9429 | D        | Noticed an ice dragon
  9431 | D        | Killed a moth of wrath
  9431 | D        | Killed a moth of wrath
  9431 | D        | Reached skill level 22 in Axes
  9432 | D        | Killed a white draconian zealot
  9433 | D        | Killed an ice dragon
  9433 | D        | Killed a mottled draconian
  9433 | D        | Killed a white draconian
  9434 | D        | Noticed a purple draconian zealot
  9434 | D        | Noticed a fire dragon
  9436 | D        | Noticed a death cob
  9438 | D        | Killed a death cob
  9441 | D        | Killed a purple draconian zealot
  9441 | D        | Reached skill level 15 in Evocations
  9442 | D        | Killed a fire dragon
  9596 | D        | Noticed a storm dragon
  9596 | D        | Noticed a mottled draconian zealot
  9596 | D        | Noticed a white draconian annihilator
  9596 | D        | Noticed a moth of wrath
  9596 | D        | Noticed a curse toe
  9596 | D        | Noticed a green draconian
  9600 | D        | Killed a green draconian
  9601 | D        | Noticed a fire dragon
  9602 | D        | Killed a moth of wrath
  9603 | D        | Killed a white draconian annihilator
  9603 | D        | Killed a mottled draconian zealot
  9603 | D        | Killed a storm dragon
  9603 | D        | Killed a fire dragon
  9606 | D        | Noticed a green draconian caller
  9607 | D        | Killed a curse toe
  9607 | D        | Reached XP level 19. HP: 110/211 MP: 34/44
  9608 | D        | Noticed a green draconian
  9610 | D        | Killed a green draconian caller
  9610 | D        | Killed a green draconian
  9917 | D        | Noticed an Orb Guardian
  9917 | D        | Noticed an Orb Guardian
  9917 | D        | Noticed an Orb Guardian
  9917 | D        | Noticed an Orb Guardian
  9917 | D        | Noticed an Orb Guardian
  9917 | D        | Noticed an Orb Guardian
  9922 | D        | Killed an Orb Guardian
  9923 | D        | Noticed an Orb Guardian
  9926 | D        | Killed an Orb Guardian
  9928 | D        | Killed an Orb Guardian
  9932 | D        | Killed an Orb Guardian
  9935 | D        | Killed an Orb Guardian
  9937 | D        | Killed an Orb Guardian
  9939 | D        | Killed an Orb Guardian
  9972 | D        | Noticed an Orb Guardian
  9973 | D        | Noticed an Orb Guardian
  9978 | D        | Killed an Orb Guardian
  9985 | D        | Noticed an Orb Guardian
  9987 | D        | Killed an Orb Guardian
  9991 | D        | Killed an Orb Guardian
  9991 | D        | Reached skill level 23 in Fighting
 10000 | D        | Noticed a golden dragon
 10000 | D        | Noticed a moth of wrath
 10000 | D        | Noticed an Orb Guardian
 10000 | D        | Noticed a fire dragon
 10000 | D        | Noticed a death cob
 10002 | D        | Noticed an Orb Guardian
 10002 | D        | Killed a moth of wrath
 10003 | D        | Killed a death cob
 10005 | D        | Noticed an Orb Guardian
 10007 | D        | Killed a fire dragon
 10010 | D        | Killed an Orb Guardian
 10012 | D        | Killed a golden dragon
 10014 | D        | Killed an Orb Guardian
 10017 | D        | Killed an Orb Guardian
 10128 | D        | Noticed an ancient lich
 10134 | D        | Killed an ancient lich
 10137 | D        | Noticed an orb of fire
 10142 | D        | Gained mutation: You expend magic power (3 MP) to strengthen your wands. [an orb of fire]
 10143 | D        | Gained mutation: You tend to lose your temper in combat. [an orb of fire]
 10147 | D        | Killed an orb of fire
 10377 | D        | Noticed an electric golem
 10388 | D        | Killed an electric golem
 10403 | D        | Noticed a fire dragon
 10403 | D        | Noticed an Orb Guardian
 10403 | D        | Noticed a shadow dragon
 10403 | D        | Noticed an Orb Guardian
 10403 | D        | Noticed an electric golem
 10403 | D        | Noticed an ancient lich
 10406 | D        | Killed an electric golem
 10406 | D        | Killed an Orb Guardian
 10406 | D        | Killed an Orb Guardian
 10406 | D        | Reached skill level 24 in Fighting
 10407 | D        | Killed an ancient lich
 10407 | D        | Reached XP level 20. HP: 225/225 MP: 31/46
 10407 | D        | Killed a fire dragon
 10408 | D        | Killed a shadow dragon
 10594 | D        | Noticed an electric golem
 10595 | D        | Noticed an orb of fire
 10602 | D        | Killed an electric golem
 10603 | D        | Killed an orb of fire
 10604 | D        | Noticed an Orb Guardian
 10605 | D        | Noticed a shadow dragon
 10606 | D        | Noticed a tentacled monstrosity
 10607 | D        | Noticed a storm dragon
 10611 | D        | Noticed a yellow draconian scorcher
 10611 | D        | Killed an Orb Guardian
 10613 | D        | Noticed an electric golem
 10616 | D        | Killed a shadow dragon
 10625 | D        | Killed a tentacled monstrosity
 10630 | D        | Killed a storm dragon
 10632 | D        | Killed an electric golem
 10633 | D        | Killed a yellow draconian scorcher
 10656 | D        | Noticed an Orb Guardian
 10656 | D        | Noticed an Orb Guardian
 10656 | D        | Noticed an Orb Guardian
 10656 | D        | Noticed an Orb Guardian
 10656 | D        | Noticed an Orb Guardian
 10658 | D        | Noticed a moth of wrath
 10659 | D        | Killed an Orb Guardian
 10660 | D        | Killed an Orb Guardian
 10662 | D        | Killed an Orb Guardian
 10663 | D        | Killed an Orb Guardian
 10666 | D        | Killed an Orb Guardian
 10668 | D        | Killed a moth of wrath
 10668 | D        | Reached skill level 25 in Fighting
 10669 | D        | Noticed an Orb Guardian
 10670 | D        | Noticed an Orb Guardian
 10673 | D        | Killed an Orb Guardian
 10674 | D        | Noticed an Orb Guardian
 10678 | D        | Killed an Orb Guardian
 10684 | D        | Killed an Orb Guardian
 10685 | D        | Noticed an Orb Guardian
 10686 | D        | Noticed an Orb Guardian
 10691 | D        | Killed an Orb Guardian
 10693 | D        | Noticed a moth of wrath
 10696 | D        | Killed an Orb Guardian
 10699 | D        | Killed a moth of wrath
 10700 | D        | Noticed an Orb Guardian
 10707 | D        | Killed an Orb Guardian
 10716 | D        | Got the Orb of Zot
 10797 | D        | Noticed an ancient lich
 10797 | D        | Noticed a vampire knight
 10797 | D        | Noticed a vampire knight
 10797 | D        | Noticed a vampire knight
 10797 | D        | Noticed a vampire knight
 10797 | D        | Noticed a vampire knight
 10799 | D        | Killed a vampire knight
 10800 | D        | Killed a vampire knight
 10800 | D        | Killed a vampire knight
 10800 | D        | Killed a vampire knight
 10800 | D        | Killed a vampire knight
 10801 | D        | Noticed a lich
 10801 | D        | Killed an ancient lich
 10803 | D        | Noticed a vampire knight
 10804 | D        | Noticed a vampire knight
 10804 | D        | Noticed a vampire knight
 10807 | D        | Killed a lich
 10810 | D        | Killed a vampire knight
 10813 | D        | Killed a vampire knight
 10813 | D        | Reached skill level 15 in Throwing
 10816 | D        | Killed a vampire knight
 10817 | D        | Noticed an ancient lich
 10831 | D        | Killed an ancient lich
 10831 | D        | Reached XP level 21. HP: 240/240 MP: 27/49
 11029 | D        | Noticed Opreorch the pandemonium lord
 11035 | D        | Killed Opreorch the pandemonium lord
 11035 | D        | Reached skill level 26 in Fighting
 11201 | D        | Noticed a spriggan baker
 11201 | D        | Noticed a spriggan baker
 11201 | D        | Noticed a spriggan baker
 11201 | D        | Noticed a spriggan baker
 11201 | D        | Noticed a spriggan baker
 11201 | D        | Noticed a spriggan baker
 11203 | D        | Killed a spriggan baker
 11205 | D        | Killed a spriggan baker
 11206 | D        | Killed a spriggan baker
 11207 | D        | Noticed a spriggan baker
 11207 | D        | Noticed a spriggan baker
 11207 | D        | Killed a spriggan baker
 11209 | D        | Killed a spriggan baker
 11210 | D        | Killed a spriggan baker
 11211 | D        | Noticed a spriggan baker
 11214 | D        | Noticed a spriggan baker
 11214 | D        | Killed a spriggan baker
 11216 | D        | Killed a spriggan baker
 11218 | D        | Killed a spriggan baker
 11219 | D        | Killed a spriggan baker
 11221 | D        | Noticed a spriggan baker
 11222 | D        | Killed a spriggan baker
 11282 | D        | Noticed a deep elf annihilator
 11282 | D        | Noticed a deep elf sorcerer
 11282 | D        | Noticed a deep elf sorcerer
 11282 | D        | Noticed a deep elf sorcerer
 11282 | D        | Noticed a deep elf demonologist
 11282 | D        | Noticed a deep elf annihilator
 11283 | D        | Noticed a deep elf blademaster
 11285 | D        | Killed a deep elf annihilator
 11287 | D        | Noticed a deep elf annihilator
 11287 | D        | Killed a deep elf sorcerer
 11290 | D        | Killed a deep elf blademaster
 11291 | D        | Noticed a deep elf death mage
 11291 | D        | Killed a deep elf sorcerer
 11291 | D        | Killed a deep elf demonologist
 11293 | D        | Killed a deep elf annihilator
 11295 | D        | Noticed a deep elf blademaster
 11296 | D        | Noticed a deep elf high priest
 11297 | D        | Killed a deep elf annihilator
 11299 | D        | Killed a deep elf sorcerer
 11301 | D        | Killed a deep elf blademaster
 11303 | D        | Killed a deep elf death mage
 11308 | D        | Killed a deep elf high priest
 11309 | D        | Noticed a deep elf demonologist
 11310 | D        | Noticed a deep elf high priest
 11310 | D        | Noticed a deep elf annihilator
 11313 | D        | Killed a deep elf annihilator
 11330 | D        | Killed a deep elf demonologist
 11331 | D        | Killed a deep elf high priest
 11336 | D        | Got an elven rune of Zot
 11358 | D        | Noticed an azure jelly
 11358 | D        | Noticed an acid blob
 11358 | D        | Noticed an acid blob
 11358 | D        | Noticed an acid blob
 11359 | D        | Noticed an azure jelly
 11362 | D        | Killed an acid blob
 11362 | D        | Killed an acid blob
 11362 | D        | Killed an azure jelly
 11362 | D        | Killed an azure jelly
 11363 | D        | Killed an acid blob
 11363 | D        | Paralysed by a giant eyeball for 3 turns
 11366 | D        | Noticed an azure jelly
 11369 | D        | Noticed an azure jelly
 11373 | D        | Killed an azure jelly
 11374 | D        | Noticed the royal jelly
 11374 | D        | Paralysed by a giant eyeball for 2 turns
 11376 | D        | Killed an azure jelly
 11377 | D        | Paralysed by a giant eyeball for 3 turns
 11382 | D        | Killed the royal jelly
 11384 | D        | Paralysed by a giant eyeball for 3 turns
 11392 | D        | Noticed a golden eye
 11394 | D        | Noticed an acid blob
 11394 | D        | Paralysed by a giant eyeball for 3 turns
 11401 | D        | Killed a golden eye
 11403 | D        | Killed an acid blob
 11405 | D        | Noticed an acid blob
 11406 | D        | Noticed a death ooze
 11410 | D        | Noticed an eye of draining
 11411 | D        | Killed an acid blob
 11411 | D        | Reached skill level 27 in Fighting
 11411 | D        | Reached skill level 27 in Axes
 11416 | D        | Paralysed by a giant eyeball for 4 turns
 11421 | D        | Killed a death ooze
 11426 | D        | Killed an eye of draining
 11427 | D        | Noticed an acid blob
 11428 | D        | Noticed a death ooze
 11429 | D        | Noticed an azure jelly
 11432 | D        | Killed an acid blob
 11440 | D        | Killed an azure jelly
 11446 | D        | Killed a death ooze
 11452 | D        | Got a slimy rune of Zot
 11849 | D        | Noticed Sohairet the pandemonium lord
 11852 | D        | Noticed an ancient lich
 11859 | D        | Killed Sohairet the pandemonium lord
 11863 | D        | Killed an ancient lich
 11863 | D        | Reached XP level 22. HP: 251/253 MP: 31/52
 12248 | D        | Noticed a sphinx
 12248 | D        | Noticed a sphinx
 12248 | D        | Noticed a sphinx
 12248 | D        | Noticed a sphinx
 12248 | D        | Noticed a sphinx
 12248 | D        | Noticed a sphinx
 12249 | D        | Noticed a sphinx
 12252 | D        | Killed a sphinx
 12252 | D        | Killed a sphinx
 12252 | D        | Killed a sphinx
 12252 | D        | Killed a sphinx
 12253 | D        | Killed a sphinx
 12254 | D        | Noticed a sphinx
 12255 | D        | Noticed a sphinx
 12255 | D        | Killed a sphinx
 12256 | D        | Noticed a sphinx
 12259 | D        | Noticed a sphinx
 12260 | D        | Killed a sphinx
 12263 | D        | Killed a sphinx
 12264 | D        | Noticed a sphinx
 12268 | D        | Killed a sphinx
 12272 | D        | Killed a sphinx
 12277 | D        | Killed a sphinx
 12281 | D        | Killed a sphinx
 12336 | D        | Noticed a guardian mummy
 12336 | D        | Noticed a guardian mummy
 12336 | D        | Noticed a guardian mummy
 12336 | D        | Noticed a guardian mummy
 12336 | D        | Noticed a guardian mummy
 12336 | D        | Noticed a guardian mummy
 12338 | D        | Killed a guardian mummy
 12339 | D        | Noticed a guardian mummy
 12341 | D        | Killed a guardian mummy
 12343 | D        | Killed a guardian mummy
 12344 | D        | Noticed a guardian mummy
 12346 | D        | Killed a guardian mummy
 12347 | D        | Killed a guardian mummy
 12348 | D        | Noticed a guardian mummy
 12349 | D        | Killed a guardian mummy
 12350 | D        | Noticed a guardian mummy
 12350 | D        | Killed a guardian mummy
 12353 | D        | Killed a guardian mummy
 12355 | D        | Killed a guardian mummy
 12355 | D        | Reached skill level 27 in Spellcasting
 12356 | D        | Killed a guardian mummy
 12474 | D        | Noticed a guardian mummy
 12474 | D        | Noticed a guardian mummy
 12474 | D        | Noticed a mummy priest
 12474 | D        | Noticed a mummy priest
 12474 | D        | Noticed a guardian mummy
 12474 | D        | Noticed a guardian mummy
 12476 | D        | Killed a guardian mummy
 12477 | D        | Noticed a guardian mummy
 12478 | D        | Killed a guardian mummy
 12479 | D        | Noticed a guardian mummy
 12480 | D        | Killed a mummy priest
 12482 | D        | Noticed a guardian mummy
 12485 | D        | Killed a mummy priest
 12487 | D        | Killed a guardian mummy
 12487 | D        | Killed a guardian mummy
 12487 | D        | Killed a guardian mummy
 12487 | D        | Killed a guardian mummy
 12487 | D        | Killed a guardian mummy
 12625 | D        | Noticed a greater mummy
 12625 | D        | Noticed a greater mummy
 12625 | D        | Noticed a guardian mummy
 12625 | D        | Noticed a greater mummy
 12625 | D        | Noticed a guardian mummy
 12628 | D        | Killed a guardian mummy
 12629 | D        | Killed a guardian mummy
 12633 | D        | Killed a greater mummy
 12633 | D        | Killed a greater mummy
 12634 | D        | Killed a greater mummy
 12636 | D        | Noticed a greater mummy
 12639 | D        | Noticed a mummy priest
 12644 | D        | Killed a mummy priest
 12672 | D        | Killed a greater mummy
 12941 | D        | Noticed a greater mummy
 12955 | D        | Killed a greater mummy
 12957 | D        | Got a golden rune of Zot
 13197 | D        | Noticed a wandering mushroom
 13197 | D        | Noticed a smoke demon
 13197 | D        | Noticed a large abomination
 13197 | D        | Noticed a chaos spawn
 13197 | D        | Noticed a great orb of eyes
 13197 | D        | Noticed a starcursed mass
 13204 | D        | Killed a starcursed mass
 13207 | D        | Killed a great orb of eyes
 13208 | D        | Killed a chaos spawn
 13212 | D        | Killed a large abomination
 13215 | D        | Killed a smoke demon
 13216 | D        | Noticed an iron imp
 13217 | D        | Noticed a ynoxinul
 13218 | D        | Noticed a thrashing horror
 13219 | D        | Noticed a quasit
 13220 | D        | Noticed a flying skull
 13224 | D        | Killed a wandering mushroom
 13228 | D        | Killed a ynoxinul
 13230 | D        | Killed an iron imp
 13233 | D        | Killed a thrashing horror
 13234 | D        | Killed a quasit
 13237 | D        | Killed a flying skull
 13242 | D        | Got an abyssal rune of Zot
 13290 | D        | Lost mutation: You expend magic power (3 MP) to strengthen your wands. [potion of cure mutation]
 13291 | D        | Lost mutation: You tend to lose your temper in combat. [potion of cure mutation]
 13326 | D        | Noticed Eschaa the pandemonium lord
 13333 | D        | Killed Eschaa the pandemonium lord
 13350 | D        | Noticed Ubium the pandemonium lord
 13358 | D        | Killed Ubium the pandemonium lord
 13368 | D        | Reached XP level 23. HP: 236/262 MP: 54/54
 13987 | D        | Noticed Fodetar the pandemonium lord
 13998 | D        | Killed Fodetar the pandemonium lord
 14046 | D        | Reached skill level 27 in Armour
 14118 | D        | Reached skill level 27 in Shields
 14147 | D        | Reached skill level 27 in Dodging
 14195 | D        | Gained mutation: Your mind is acute. (Int +2) [a cacodemon]
 14246 | D        | Noticed Ylecw the pandemonium lord
 14256 | D        | Killed Ylecw the pandemonium lord
 14273 | D        | Gained mutation: You occasionally shout uncontrollably at your foes. [a neqoxec]
 14285 | D        | Reached skill level 27 in Invocations
 14578 | D        | Noticed Okleit the pandemonium lord
 14590 | D        | Killed Okleit the pandemonium lord
 14892 | D        | Gained mutation: You are frail (-10% HP). [a cacodemon]
 14965 | D        | Reached skill level 1 in Stealth
 14968 | D        | Reached skill level 1 in Unarmed Combat
 15009 | D        | Reached skill level 5 in Stealth
 15165 | D        | Noticed Leneopte the pandemonium lord
 15170 | D        | Killed Leneopte the pandemonium lord
 15204 | D        | Reached skill level 5 in Unarmed Combat
 15220 | D        | Reached skill level 27 in Evocations
 15224 | D        | Reached skill level 10 in Stealth
 15277 | D        | Noticed Haron the pandemonium lord
 15292 | D        | Killed Haron the pandemonium lord
 15315 | D        | Reached XP level 24. HP: 114/244 MP: 54/54
 15358 | D        | Reached skill level 10 in Unarmed Combat
 15362 | D        | Reached skill level 15 in Stealth
 15639 | D        | Noticed a seraph
 15644 | D        | Killed a seraph
 15702 | D        | Gained mutation: You sometimes yell uncontrollably at your foes. [a neqoxec]
 15702 | D        | Gained mutation: Your spells are a little easier to cast, but a little less powerful. [a neqoxec]
 15722 | D        | Reached skill level 27 in Throwing
 15738 | D        | Got the +5 executioner's axe "Kaadak" {vamp, Str+3}
 15742 | D        | Got the +5 bardiche "Watuenie" {drain, Dex+8}
 15900 | D        | Reached skill level 15 in Unarmed Combat
 15997 | D        | Noticed a seraph
 15999 | D        | Reached skill level 5 in Long Blades
 15999 | D        | Reached skill level 5 in Polearms
 16000 | D        | Killed a seraph
 16612 | D        | Got a faintly glowing whip
 16620 | D        | Reached skill level 10 in Long Blades
 16620 | D        | Reached skill level 10 in Polearms
 16620 | D        | Reached skill level 27 in Stealth
 16906 | D        | Got an uncursed twisted spear {venom}
 17194 | D        | Noticed Xyfir the pandemonium lord
 17206 | D        | Killed Xyfir the pandemonium lord
 17226 | D        | Noticed Udoxkoc the pandemonium lord
 17237 | D        | Killed Udoxkoc the pandemonium lord
 17270 | D        | Noticed a seraph
 17273 | D        | Killed a seraph
 17273 | D        | Reached XP level 25. HP: 106/252 MP: 40/54
 17392 | D        | Reached skill level 15 in Long Blades
 17392 | D        | Reached skill level 15 in Polearms
 17617 | D        | Noticed Fiacunea the pandemonium lord
 17624 | D        | Killed Fiacunea the pandemonium lord
 17816 | D        | Noticed Sirhotec the pandemonium lord
 17823 | D        | Killed Sirhotec the pandemonium lord
 17845 | D        | Noticed a seraph
 17848 | D        | Killed a seraph
 17887 | D        | Reached skill level 27 in Unarmed Combat
 18407 | D        | Noticed Gudaj the pandemonium lord
 18419 | D        | Killed Gudaj the pandemonium lord
 18588 | D        | Noticed Deuptu the pandemonium lord
 18595 | D        | Killed Deuptu the pandemonium lord
 18665 | D        | Reached XP level 26. HP: 252/261 MP: 54/54
 18677 | D        | Reached skill level 5 in Maces & Flails
 18943 | D        | Reached skill level 10 in Maces & Flails
 18956 | D        | Noticed Caliug the pandemonium lord
 18961 | D        | Noticed Sisijash the pandemonium lord
 18968 | D        | Killed Caliug the pandemonium lord
 18974 | D        | Killed Sisijash the pandemonium lord
 18976 | D        | Noticed Kujaus the pandemonium lord
 18981 | D        | Killed Kujaus the pandemonium lord
 19000 | D        | Noticed Jessis the pandemonium lord
 19004 | D        | Killed Jessis the pandemonium lord
 19004 | D        | Reached skill level 27 in Long Blades
 19004 | D        | Reached skill level 15 in Maces & Flails
 19004 | D        | Reached skill level 27 in Polearms
 19202 | D        | Noticed Penwin the pandemonium lord
 19209 | D        | Killed Penwin the pandemonium lord
 19291 | D        | Noticed Ruxt the pandemonium lord
 19302 | D        | Killed Ruxt the pandemonium lord
 19496 | D        | Noticed Jaodwaih the pandemonium lord
 19498 | D        | Noticed an ancient lich
 19501 | D        | Killed Jaodwaih the pandemonium lord
 19509 | D        | Killed an ancient lich
 19526 | D        | Reached skill level 27 in Maces & Flails
 19583 | D        | Noticed Kudde the pandemonium lord
 19594 | D        | Killed Kudde the pandemonium lord
 19609 | D        | Gained mutation: Potions and wands are less effective at restoring your health. [a neqoxec]
 19650 | D        | Noticed Irphaexen the pandemonium lord
 19665 | D        | Killed Irphaexen the pandemonium lord
 19764 | D        | Reached XP level 27. HP: 208/268 MP: 54/54
 19766 | D        | Noticed Tihyrcheu the pandemonium lord
 19772 | D        | Noticed Atipn the pandemonium lord
 19780 | D        | Killed Tihyrcheu the pandemonium lord
 19785 | D        | Killed Atipn the pandemonium lord
 19792 | D        | Noticed Hoestiess the pandemonium lord
 19801 | D        | Killed Hoestiess the pandemonium lord
 19894 | D        | Gained mutation: You frequently scream uncontrollably at your foes. [a neqoxec]
 19895 | D        | Gained mutation: Your magical capacity is low (-10% MP). [a neqoxec]
 20045 | D        | Bought a book of Annihilations for 1545 gold pieces
 20052 | D        | Learned a level 6 spell: Poison Arrow
 20061 | D        | Learned a level 8 spell: Chain Lightning
 20063 | D        | Reached skill level 1 in Conjurations
 20063 | D        | Reached skill level 1 in Air Magic
 20063 | D        | Reached skill level 1 in Poison Magic
 20077 | D        | Learned a level 8 spell: Lehudib's Crystal Spear
 20087 | D        | Learned a level 9 spell: Fire Storm
 20097 | D        | Learned a level 9 spell: Glaciate
 20218 | D        | Reached skill level 5 in Poison Magic
 20234 | D        | Noticed Hynlagy the pandemonium lord
 20241 | D        | Killed Hynlagy the pandemonium lord
 20241 | D        | Reached skill level 5 in Conjurations
 20241 | D        | Reached skill level 5 in Fire Magic
 20241 | D        | Reached skill level 5 in Ice Magic
 20241 | D        | Reached skill level 5 in Air Magic
 20241 | D        | Reached skill level 5 in Earth Magic
 20289 | D        | Noticed Qujimme the pandemonium lord
 20296 | D        | Killed Qujimme the pandemonium lord
 20296 | D        | Reached skill level 10 in Poison Magic
 20555 | D        | Noticed Roehef the pandemonium lord
 20561 | D        | Killed Roehef the pandemonium lord
 20668 | D        | Reached skill level 10 in Conjurations
 20668 | D        | Reached skill level 10 in Fire Magic
 20668 | D        | Reached skill level 10 in Ice Magic
 20668 | D        | Reached skill level 10 in Air Magic
 20668 | D        | Reached skill level 10 in Earth Magic
 20677 | D        | Lost mutation: Your spells are a little easier to cast, but a little less powerful. [potion of cure mutation]
 20677 | D        | Lost mutation: You frequently scream uncontrollably at your foes. [potion of cure mutation]
 20677 | D        | Lost mutation: You are frail (-10% HP). [potion of cure mutation]
 20694 | D        | Noticed Quskun the pandemonium lord
 20699 | D        | Killed Quskun the pandemonium lord
 20708 | D        | Noticed Fedodica the pandemonium lord
 20715 | D        | Killed Fedodica the pandemonium lord
 20745 | D        | Reached skill level 15 in Poison Magic
 21268 | D        | Noticed Bubbaguid the pandemonium lord
 21276 | D        | Killed Bubbaguid the pandemonium lord
 21309 | D        | Noticed Dosivoh the pandemonium lord
 21312 | D        | Paralysed by a giant eyeball for 4 turns
 21320 | D        | Killed Dosivoh the pandemonium lord
 21356 | D        | Noticed Tedir the pandemonium lord
 21363 | D        | Killed Tedir the pandemonium lord
 21403 | D        | Reached skill level 15 in Conjurations
 21403 | D        | Reached skill level 15 in Fire Magic
 21403 | D        | Reached skill level 15 in Ice Magic
 21403 | D        | Reached skill level 15 in Air Magic
 21403 | D        | Reached skill level 15 in Earth Magic
 21421 | D        | Lost mutation: Your mind is acute. (Int +2) [a neqoxec]
 21498 | D        | Noticed Vain the pandemonium lord
 21509 | D        | Killed Vain the pandemonium lord
 21531 | D        | Noticed Faocsis the pandemonium lord
 21543 | D        | Killed Faocsis the pandemonium lord
 21708 | D        | Noticed Zedeolef the pandemonium lord
 21716 | D        | Killed Zedeolef the pandemonium lord
 21750 | D        | Noticed Xit Neno the pandemonium lord
 21759 | D        | Killed Xit Neno the pandemonium lord
 21804 | D        | Escaped with the Orb!

Action                   |  1- 3 |  4- 6 |  7- 9 | 10-12 | 13-15 | 16-18 | 19-21 | 22-24 | 25-27 || total
-------------------------+-------+-------+-------+-------+-------+-------+-------+-------+-------++-------
Melee: War axe           |    32 |       |       |       |       |       |       |       |       ||    32
       Broad axe         |       |    34 |    29 |   157 |   165 |   268 |   280 |   725 |   996 ||  2654
Throw: Javelin           |       |       |       |       |       |    50 |     6 |    45 |    11 ||   112
 Cast: Poison Arrow      |       |       |       |       |       |       |       |       |     8 ||     8
Invok: Slouch            |       |       |     6 |    21 |    56 |    59 |    45 |    54 |    84 ||   325
       Bend Time         |       |       |       |       |       |       |       |     1 |       ||     1
Evoke: Wand              |       |       |       |       |       |       |       |     4 |       ||     4
  Use: Potion            |     1 |     2 |     1 |     1 |     1 |     1 |       |     9 |     1 ||    17
       Scroll            |       |     1 |       |       |       |     6 |     2 |       |       ||     9
 Stab: Invisible         |       |     3 |     1 |       |       |       |       |       |       ||     4
       Distracted        |       |       |       |       |       |       |       |     1 |     2 ||     3
       Confused          |       |       |       |       |       |       |       |     1 |       ||     1
  Eat: Bread ration      |       |       |     1 |       |       |       |       |     1 |     6 ||     8
       Meat ration       |       |       |       |     2 |     1 |     3 |       |     2 |       ||     8
       Fruit             |       |       |       |       |     1 |     1 |    16 |       |       ||    18
       Beef jerky        |       |       |       |       |       |     1 |       |       |       ||     1
